 Dungeon Crawl Stone Soup version 0.27-a0-1557-g57f10a385c (webtiles) character file.

Game seed: 17876291247065695234

79 voltaire321 the Insei (level 4, -3/29 HPs)
             Began as an Octopode Transmuter on July 16, 2021.
             Slain by a hobgoblin (5 damage)
             ... on level 2 of the Dungeon.
             The game lasted 00:04:00 (1244 turns).

voltaire321 the Insei (Octopode Transmuter)         Turns: 1244, Time: 00:04:01

Health: -3/29      AC:  1    Str:  9    XL:     4   Next: 37%
Magic:  7/7        EV: 13    Int: 15    God:
Gold:   64         SH:  0    Dex: 13    Spells: 5/8 levels left

rFire    . . .     SeeInvis .   b - +0 dagger
rCold    . . .     Faith    .   (no shield)
rNeg     . . .     Spirit   .   (helmet restricted)
rPois    .         Reflect  .   (no amulet)
rElec    .         Harm     .   (no ring)
rCorr    .         Rampage  .   (no ring)
Will     .....                  (no ring)
Stlth    ++........             (no ring)
HPRegen  0.09/turn              (no ring)
MPRegen  0.10/turn              (no ring)
                                (no ring)
                                (no ring)

@: slowed, very slow
A: almost no armour, amphibious, 8 rings, camouflage 1, gelatinous body 1,
(nimble swimmer 1), tentacles
a: no special abilities


You were on level 2 of the Dungeon.
You visited 1 branch of the dungeon, and saw 2 of its levels.

You collected 64 gold pieces.

Inventory:

Hand Weapons
 b - a +0 dagger (weapon)
Missiles
 g - a throwing net
Jewellery
 f - a ring of ice
Scrolls
 c - a scroll of identify {unknown}
 d - a scroll of enchant weapon {unknown}
 e - a scroll of teleportation {unknown}
 h - a scroll of amnesia {unknown}
Potions
 a - a potion of curing {unknown}


   Skills:
 + Level 1.9 Fighting
 + Level 2.6 Dodging
 + Level 3.4 Unarmed Combat
 + Level 2.5 Spellcasting
 + Level 2.7 Transmutations


You had 5 spell levels left.
You knew the following spells:

 Your Spells              Type           Power      Damage    Failure   Level
a - Beastly Appendage     Tmut           20%        N/A       7%          1
b - Wereblood             Tmut           10%        N/A       11%         2

Your spell library contained the following spells:

 Spells                   Type           Power      Damage    Failure   Level
 Spider Form              Tmut/Pois      2%         N/A       36%         3
 Ice Form                 Ice/Tmut       5%         N/A       77%         4


Dungeon Overview and Level Annotations

Branches:
Dungeon (2/15)

Altars:

Shops:
D:1 :

Annotations:
D:2 Sigmund


Innate Abilities, Weirdness & Mutations

You cannot wear most types of armour.
You are amphibious.
You can wear up to eight rings at the same time.
Your skin changes colour to match your surroundings (Stealth+).
Your rubbery body absorbs attacks. (AC +1, EV +1)
((You are camouflaged near water. (Stealth+)))
You have tentacles for arms and can constrict up to eight enemies at once.


Message History

You constrict Natasha, but do no damage.
Natasha closely misses you. The white imp barely misses you.
You hit Natasha but do no damage.
You pierce Natasha, but do no damage.
Natasha is heavily wounded.
You constrict Natasha.
Natasha stares at you and mumbles some strange words.
You feel yourself slow down. The white imp gestures at you.
The puff of frost misses you.
You hit Natasha but do no damage.
Your tentacle spike misses Natasha.
Natasha is heavily wounded.
You constrict Natasha.
Natasha zaps a wand.
You resist with significant effort. The white imp hits you.
The white imp freezes you.
Natasha zaps a wand.
You resist with significant effort.
You barely miss Natasha.
Natasha is severely wounded.
Your tentacle spike disappears.
You constrict Natasha. The white imp closely misses you.
Natasha stares at you and mumbles some strange words.
The magic dart hits you!
The white imp disappears for a moment.
The white imp hits you.
* * * LOW HITPOINT WARNING * * *
The white imp freezes you.
* * * LOW HITPOINT WARNING * * *
You hit Natasha.
You kill Natasha!
Suddenly Natasha's spirit rises from her lifeless body.
The white imp disappears in a puff of smoke!
You have reached level 4!
You hit the hobgoblin but do no damage. You grab the hobgoblin.
You squeeze the hobgoblin.
The hobgoblin is moderately wounded.
You constrict the hobgoblin, but do no damage.
The hobgoblin misses you.
You hit the hobgoblin. Your squeeze misses the hobgoblin.
The hobgoblin is heavily wounded.
You constrict the hobgoblin, but do no damage.
The hobgoblin hits you.
You die...

### #+# ..# #.#
#.### #.#
###...# #g#
#..>#.#####
#@###.#.#.....#
#...$.....#
#.....#######.#
##.##.. #.# #
... #<# #####
###


You could see a hobgoblin.

Vanquished Creatures
  Natasha (twice) (D:2)
  A worm (D:2)
  2 dart slugs (D:1)
  2 bats
  2 endoplasms
  A giant cockroach (D:2)
  A goblin (D:1)
  5 hobgoblins
  3 ball pythons
  A kobold (D:2)
  2 rats
22 creatures vanquished.

Vanquished Creatures (others)
  A plant (D:1)
1 creature vanquished.

Grand Total: 23 creatures vanquished

Notes
Turn   | Place    | Note
-------+----------+-------------------------------------------
     0 | D:1      | voltaire321 the Octopode Transmuter began the quest for the
                  | Orb.
     0 | D:1      | Reached XP level 1. HP: 13/13 MP: 3/3
    32 | D:1      | Found Xaryofop's Book Shop.
   364 | D:1      | Reached XP level 2. HP: 15/18 MP: 3/5
   419 | D:1      | Found a faded altar of an unknown god.
   643 | D:1      | Learned a level 2 spell: Wereblood
   720 | D:2      | Noticed Sigmund
   882 | D:2      | Reached XP level 3. HP: 21/23 MP: 4/6
   897 | D:2      | Noticed Natasha
   905 | D:2      | Killed Natasha
  1231 | D:2      | Noticed Natasha
  1242 | D:2      | Killed Natasha
  1243 | D:2      | Reached XP level 4. HP: 2/29 MP: 7/7
  1244 | D:2      | Slain by a hobgoblin

Illustrated notes

Levels and vault maps discovered:
D:1:      nicolae_arrival_somewhat_less_tricky_arrival, layout_rooms,
          serial_shops, shop, shapermc_ecumenical_altar_mp_ritualfount
D:2:      layout_basic, uniq_terence, uniq_sigmund, uniq_natasha

Action                   |  1- 3 |  4- 6 || total
-------------------------+-------+-------++-------
Melee: Dagger            |    48 |     2 ||    50
       Kick              |    15 |       ||    15
       Unarmed           |     3 |       ||     3
       Constrict         |    14 |     1 ||    15
       Tentacles         |    15 |     1 ||    16
 Cast: Beastly Appendage |    12 |       ||    12
 Stab: Sleeping          |     4 |       ||     4
Armor: Skin              |     5 |       ||     5
Dodge: Dodged            |    31 |     1 ||    32

Table legend: (Time is in decaauts)
 A = Elapsed time spent in this place.
 B = Non-inter-level travel time spent in this place.
 C = Inter-level travel time spent in this place.
 D = Time resting spent in this place.
 E = Time spent auto-exploring this place.
 F = Levels seen in this place.
 G = Mean time per level.
                   A        B        C        D        E       F      G
               +--------+--------+--------+--------+--------+-----+--------+
         Total |   1246 |   1179 |     67 |    387 |    486 |   2 |  623.0 |
       Dungeon |   1246 |   1179 |     67 |    387 |    486 |   2 |  623.0 |
               +--------+--------+--------+--------+--------+-----+--------+

Top non-repeatable levels by time:
     D:1: 887 daAuts
     D:2: 359 daAuts
